 Dungeon Crawl Stone Soup version 0.20-a0-513-g02c11fc (webtiles) character file.

23089 Klosterheim the Cleaver (level 12, -2/111 (112) HPs)
             Began as a Minotaur Fighter on Jan 23, 2017.
             Was the Champion of Okawaru.
             Slain by a two-headed ogre
             ... wielding a +0 giant club
              (8 damage)
             ... on level 1 of the Orcish Mines.
             The game lasted 00:26:00 (13573 turns).

Klosterheim the Cleaver (Minotaur Fighter)         Turns: 13573, Time: 00:26:01

HP:   -2/111 (112)  AC: 20    Str: 26    XL:     12   Next: 68%
MP:   15/15         EV:  7    Int:  5    God:    Okawaru [******]
Gold: 1734          SH: 13    Dex: 10    Spells: 11/11 levels left

rFire    . . .     SeeInvis .   P - +1 broad axe (flame)
rCold    . . .     Gourm    .   l - +1 plate armour
rNeg     . . .     Faith    .   c - +0 shield
rPois    .         Spirit   .   (helmet restricted)
rElec    .         Reflect  .   t - +0 cloak
rCorr    .         Harm     .   R - +0 pair of gloves
MR       .....                  m - +0 pair of boots
Stlth    ..........             (no amulet)
Regen    0.3/turn               (no ring)
                                (no ring)

@: no status effects
A: retaliatory headbutt, horns 2
a: Heroism, Finesse, Renounce Religion


You were on level 1 of the Orcish Mines.
You worshipped Okawaru.
Okawaru was exalted by your worship.
You were not hungry.

You visited 2 branches of the dungeon, and saw 14 of its levels.
You also visited: Sewer and Ossuary.

You collected 1734 gold pieces.

Inventory:

Hand Weapons
 a - a +1 war axe
 P - a +1 broad axe of flaming (weapon)
 U - the +3 sling "Punk" {acid, rCorr}
   (Okawaru gifted it to you on level 10 of the Dungeon)

   It protects you from acid and corrosion.
 Y - a +1 battleaxe of flaming
Armour
 c - a +0 shield (worn)
 l - a +1 plate armour (worn)
 m - a +0 pair of boots (worn)
 t - a +0 cloak (worn)
 R - a +0 pair of gloves (worn)
Jewellery
 B - a cursed amulet of inaccuracy {unknown}
 H - an uncursed ring of fire
Wands
 G - a wand of iceblast (10/15)
 I - a wand of flame (26/48)
 J - a wand of paralysis (13/24)
 L - a wand of disintegration (6/24)
 T - a wand of acid (5/15)
 X - a wand of random effects (12/48)
Scrolls
 e - 2 scrolls of fear
 h - 2 scrolls of fog {unknown}
 o - a scroll of recharging
 p - 4 scrolls of enchant armour
 q - 2 scrolls of remove curse
 s - 6 scrolls of identify
 w - 3 scrolls of enchant weapon
 y - a scroll of teleportation
 D - a scroll of silence {unknown}
 K - a scroll of holy word {unknown}
 M - a scroll of blinking
 O - a scroll of immolation {unknown}
 Q - a scroll of random uselessness {unknown}
 W - a scroll of amnesia {unknown}
Potions
 d - 2 potions of berserk rage {unknown}
 g - 3 potions of flight {unknown}
 i - 4 potions of agility {unknown}
 k - a potion of might
 r - a potion of haste {unknown}
 u - 3 potions of lignification
 v - 7 potions of curing
 x - 2 potions of mutation {unknown}
 z - 3 potions of brilliance {unknown}
 A - a potion of invisibility {unknown}
 C - a potion of cancellation {unknown}
 E - 2 potions of heal wounds {unknown}
 F - 2 potions of cure mutation {unknown}
Books
 N - a book of Geomancy

   Spells                             Type                      Level
   a - Sandblast                      Earth                        1
   b - Passwall                       Transmutation/Earth          2
   c - Stone Arrow                    Conjuration/Earth            3
   d - Petrify                        Transmutation/Earth          4
   e - Lee's Rapid Deconstruction     Earth                        5
 S - a book of Conjurations

   Spells                             Type                      Level
   a - Magic Dart                     Conjuration                  1
   b - Searing Ray                    Conjuration                  2
   c - Dazzling Spray                 Conjuration/Hexes            3
   d - Fulminant Prism                Conjuration/Hexes            4
   e - Iskenderun's Mystic Blast      Conjuration                  4
   f - Iskenderun's Battlesphere      Conjuration/Charms           5
Comestibles
 b - 8 royal jellies
 f - 6 bread rations
 j - 4 fruits
 n - 6 meat rations
 V - 6 chunks of flesh


   Skills:
 + Level 12.1 Fighting
 - Level 14.4 Axes
 + Level 11.4 Armour
 + Level 11.5 Shields
 + Level 6.5 Invocations


You had 11 spell levels left.
You didn't know any spells.

Dungeon Overview and Level Annotations

Branches:
Dungeon (12/15)            Temple (0/1) D:5            Lair (0/6) D:9
    Orc (2/2) D:11            Elf (0/3) Orc:2

Altars:
Elyvilon
Okawaru
Sif Muna
Xom
Yredelemnul

Shops:
D:6 [   D:7 (   D:11 }


Innate Abilities, Weirdness & Mutations

You reflexively headbutt those who attack you in melee.
You have a pair of horns on your head.


Message History

The two-headed ogre hits you with a giant club!
* * * LOW HITPOINT WARNING * * *
As you read the scroll of fear, it crumbles to dust.
You assume a fearsome visage.
The two-headed ogre looks frightened!
Cornered, the two-headed ogre turns to fight!
Okay, then.
Evoke which item? (* to show all) (? for menu, Esc to quit)
Aiming: Paralyse (will waste charges)
Press: ? - help, Shift-Dir - straight line, f - two-headed ogre
Aim: a two-headed ogre, wielding two giant clubs (severely wounded, fast, chance to defeat MR: 28%)
Okay, then.
Evoke which item? (* to show all) (? for menu, Esc to quit)
Aiming: Disintegrate (will waste charges)
Press: ? - help, Shift-Dir - straight line, f - two-headed ogre
Aim: a two-headed ogre, wielding two giant clubs (severely wounded, fast, chance to defeat MR: 48%)
The two-headed ogre resists with some effort.
Evoking this partially-identified wand wasted a few charges.
You feel yourself speed up.
The two-headed ogre hits you with a giant club!
You die...

............[.................##
##.#.............#............#
#####.#.........>...##.).#...##
###...#.#......##........#
##....####..........#...##
#.....###...............##
##....##.................#
#<..##.....O...........##
#####...#.....@......#...##
##.###...#.......#........#
#....##.#.......#........##
##....##...............###
##..##...........#...##
#.................####
##......###....#...#
##.#....####.#...## ####..##
###....#


You could see a two-headed ogre.

Vanquished Creatures
  Erica (D:11)
  2 centaur warriors
  The ghost of Uhlv the Basher, a novice MiAr of Okawaru (D:8)
  4 two-headed ogres (Orc:2)
  The ghost of HEYYEYAAE the Basher, a novice TrBe of Trog (D:9)
  A sixfirhy (D:8)
  An orc knight (Orc:2)
  2 orc sorcerers (Orc:1)
  3 cyclopes
  A deep elf mage (D:10)
  3 gargoyles
  5 trolls
  Grinder (D:6)
  A slime creature (D:10)
  Prince Ribbit (D:7)
  2 hippogriffs
  A spriggan (D:10)
  A wraith (D:12)
  A yak (D:10)
  Sigmund (D:2)
  A human (D:10)
  Grum (D:8)
  A basilisk (D:9)
  2 hungry ghosts
  Menkaure (D:5)
  2 porcupines (D:9)
  An ice beast (D:8)
  11 orc warriors
  An eye of draining (D:9)
  A sky beast (D:7)
  3 phantoms (D:11)
  Purgy (Sewer)
  5 black bears
  4 wolves
  3 necrophages
  7 ogres
  10 centaurs
  5 crocodiles
  2 big kobolds
  3 bullfrogs
  A troll zombie (D:11)
  25 killer bees
  A water moccasin skeleton (D:8)
  2 scorpions
  9 wights
  5 howler monkeys
  5 crimson imps
  A bullfrog zombie (D:10)
  A quasit (D:10)
  A jelly (D:7)
  3 bullfrog skeletons
  5 hounds
  5 orc priests
  5 gnoll shamans (D:4)
  13 orc wizards
  3 centaur skeletons
  Natasha (thrice) (D:4)
  6 iguanas
  11 worker ants
  A killer bee zombie (D:8)
  7 ogre zombies (D:11)
  A hound zombie (D:7)
  A hound skeleton (D:6)
  8 mummies (Ossuary)
  A howler monkey zombie (D:10)
  2 worker ant zombies
  Robin (D:4)
  49 gnolls
  2 river rats (D:4)
  16 adders
  2 shadow imps (D:10)
  An ooze (D:1)
  2 adder skeletons
  3 worms
  A dart slug (D:1)
  2 leopard geckos
  51 orcs
  5 giant cockroaches
  2 gnoll zombies (Ossuary)
  16 goblins
  6 hobgoblins
  19 jackals
  17 kobolds
  5 quokkas
  A ball python (D:2)
  13 bats
  7 frilled lizards
  2 goblin skeletons (D:11)
  4 hobgoblin skeletons (D:11)
  3 hobgoblin zombies
  3 kobold zombies (Ossuary)
  3 orc skeletons (D:11)
  16 orc zombies
  6 rats
  A fungus (D:9)
484 creatures vanquished.

Vanquished Creatures (others)
  A necrophage (D:10)
  An adder skeleton (D:10)
  3 plants (D:9)
5 creatures vanquished.

Grand Total: 489 creatures vanquished

Notes
Turn   | Place    | Note
-------+----------+-------------------------------------------
     0 | D:1      | Klosterheim the Minotaur Fighter began the quest for the Orb.
     0 | D:1      | Reached XP level 1. HP: 19/19 MP: 0/0
   100 | D:1      | Reached skill level 3 in Axes
   107 | D:1      | Reached XP level 2. HP: 25/27 MP: 1/1
   678 | D:2      | Reached XP level 3. HP: 31/33 MP: 2/2
   723 | D:2      | Noticed Sigmund
   739 | D:2      | Killed Sigmund
   739 | D:2      | Reached skill level 5 in Fighting
   739 | D:2      | Reached skill level 5 in Axes
   739 | D:2      | Reached XP level 4. HP: 8/42 MP: 3/3
   739 | D:2      | Reached XP level 5. HP: 9/48 MP: 4/4
  1281 | D:2      | Found a basalt altar of Yredelemnul.
  1333 | D:2      | Found a white marble altar of Elyvilon.
  1562 | D:3      | Found a deep blue altar of Sif Muna.
  1621 | D:3      | Reached skill level 6 in Axes
  2027 | D:4      | Reached XP level 6. HP: 52/56 MP: 5/5
  2097 | D:4      | Noticed Natasha
  2115 | D:4      | Killed Natasha
  2181 | D:4      | Found an iron altar of Okawaru.
  2237 | D:4      | Became a worshipper of Warmaster Okawaru
  2519 | D:4      | Noticed Natasha
  2526 | D:4      | Noticed Robin
  2529 | D:4      | Killed Natasha
  2533 | D:4      | Killed Robin
  2533 | D:4      | Reached skill level 7 in Axes
  2573 | D:4      | Found a glowing drain.
  2591 | Sewer    | Entered a sewer
  2607 | Sewer    | Reached XP level 7. HP: 47/64 MP: 6/6
  2708 | Sewer    | Noticed Purgy
  2716 | Sewer    | Killed Purgy
  2832 | D:4      | Reached skill level 8 in Axes
  2875 | D:4      | Reached * piety under Okawaru
  2937 | D:4      | Noticed Natasha
  2945 | D:4      | Killed Natasha
  2948 | D:4      | Reached skill level 9 in Axes
  3061 | D:4      | Reached XP level 8. HP: 36/73 MP: 7/7
  3327 | D:4      | Reached ** piety under Okawaru
  3592 | D:4      | Reached skill level 10 in Axes
  3882 | D:5      | Entered Level 5 of the Dungeon
  4507 | D:5      | Found a staircase to the Ecumenical Temple.
  4638 | D:5      | Noticed Menkaure
  4646 | D:5      | Killed Menkaure
  4646 | D:5      | Reached skill level 5 in Armour
  4685 | D:6      | Noticed Grinder
  4690 | D:6      | Reached skill level 5 in Shields
  4699 | D:6      | Killed Grinder
  4704 | D:6      | Reached XP level 9. HP: 54/81 MP: 8/8
  4790 | D:6      | Found Azocs's Armour Emporium.
  4919 | D:6      | Found a sand-covered staircase.
  4935 | D:6      | Reached *** piety under Okawaru
  4955 | Ossuary  | Entered an ossuary
  5957 | D:7      | Noticed Prince Ribbit
  5974 | D:7      | Killed Prince Ribbit
  6133 | D:7      | Reached **** piety under Okawaru
  6616 | D:7      | Found Uchodgh's Antique Weapon Emporium.
  6690 | D:7      | Reached skill level 11 in Axes
  6786 | D:7      | Reached XP level 10. HP: 60/91 MP: 9/9
  7244 | D:8      | Found a shimmering altar of Xom.
  7306 | D:8      | Found a runed door.
  7306 | D:8      | Noticed a sixfirhy
  7326 | D:8      | Noticed Grum
  7337 | D:8      | Killed Grum
  7337 | D:8      | Reached ***** piety under Okawaru
  7337 | D:8      | Reached skill level 12 in Axes
  7483 | D:8      | Killed a sixfirhy
  7557 | D:8      | Noticed Uhlv's ghost (novice MiAr)
  7572 | D:8      | Killed Uhlv's ghost
  7572 | D:8      | Reached skill level 10 in Fighting
  7572 | D:8      | Reached skill level 13 in Axes
  8170 | D:9      | Noticed HEYYEYAAE's ghost (novice TrBe)
  8731 | D:9      | Found a staircase to the Lair.
  8931 | D:9      | Reached XP level 11. HP: 82/101 MP: 10/10
  9024 | D:9      | Reached skill level 14 in Axes
  9088 | D:9      | Killed HEYYEYAAE's ghost
  9400 | D:9      | Identified a scroll of acquirement
  9774 | D:10     | Entered Level 10 of the Dungeon
  9797 | D:10     | Noticed a centaur warrior
  9803 | D:10     | Killed a centaur warrior
  9803 | D:10     | Reached ****** piety under Okawaru
  9803 | D:10     | Reached skill level 1 in Invocations
 10003 | D:10     | Noticed a deep elf mage
 10015 | D:10     | Killed a deep elf mage
 10548 | D:10     | Received a gift from Okawaru
 11035 | D:11     | Noticed Erica
 11059 | D:11     | Killed Erica
 11066 | D:11     | Reached skill level 10 in Shields
 11367 | D:11     | Found a staircase to the Orcish Mines.
 11377 | D:11     | Reached skill level 10 in Armour
 11468 | D:11     | Found Pufedoc's Gadget Emporium.
 11498 | D:11     | Noticed a centaur warrior
 11505 | D:11     | Reached XP level 12. HP: 62/109 MP: 14/14
 11512 | D:11     | Killed a centaur warrior
 11512 | D:11     | Received a gift from Okawaru
 11797 | D:11     | Reached skill level 5 in Invocations
 12417 | Orc:1    | Entered Level 1 of the Orcish Mines
 12998 | Orc:2    | Entered Level 2 of the Orcish Mines
 13145 | Orc:2    | Found a staircase to the Elven Halls.
 13520 | Orc:2    | Noticed a two-headed ogre
 13521 | Orc:2    | Noticed a two-headed ogre
 13521 | Orc:2    | Noticed a two-headed ogre
 13524 | Orc:2    | Noticed a two-headed ogre
 13524 | Orc:2    | Noticed an ogre mage
 13536 | Orc:2    | Noticed an ogre mage
 13536 | Orc:2    | Killed a two-headed ogre
 13536 | Orc:2    | Received a gift from Okawaru
 13540 | Orc:2    | Killed a two-headed ogre
 13542 | Orc:2    | Noticed a two-headed ogre
 13543 | Orc:2    | Noticed an ogre mage
 13544 | Orc:2    | Noticed a two-headed ogre
 13544 | Orc:2    | Noticed a two-headed ogre
 13545 | Orc:2    | Killed a two-headed ogre
 13545 | Orc:2    | Noticed a two-headed ogre
 13548 | Orc:2    | Noticed a two-headed ogre
 13548 | Orc:2    | Killed a two-headed ogre
 13549 | Orc:2    | Noticed a two-headed ogre
 13551 | Orc:2    | Paralysed by an ogre mage for 4 turns
 13565 | Orc:1    | HP: 2/111 [two-headed ogre/giant club (14)]
 13573 | Orc:1    | Slain by a two-headed ogre

Vault maps used:
D:1:      dpeg_arrival_leaves_temple_mockup
D:2:      kennysheep_ying_yang, nicolae_overflow_hidden_temple, uniq_sigmund
D:3:      lemuel_round_altar
D:4:      lemuel_castle_with_subvaults, okawaru_ov_weapons_minmay,
          portal_sewer_entry_c, uniq_natasha, uniq_robin
D:5:      first_bread, uniq_menkaure
D:6:      nicolae_ossuary_entry_false_entrances, serial_shops,
          nicolae_shop_crystal, uniq_grinder
D:7:      serial_shops, kennysheep_mini, serial_glass, glass_columns_a,
          glass_columns_b, glass_columns_a, glass_columns_a, glass_columns_a,
          uniq_prince_ribbit1
D:8:      cheibrodos_shockbox, lemuel_crystal_altar, uniq_grum
D:9:      minmay_lair_entry_grove
D:10:     kennysheep_blocky_room, hangedman_stone_soup, minivault_20
D:11:     zombieorc2_lemuel, serial_shops, shop, uniq_erica
D:12:     kennysheep_green_arena
Orc:2:    st_orc_ogre_mass, nicolae_orc_sculptors_studio
Sewer:    sewer_big_baddie
Ossuary:  ossuary_tomb_3

Skill      XL: |  1  2  3  4  5  6  7  8  9 10 11 12 |
---------------+-------------------------------------+-----
Axes           | 3 5 6 7 9 10 11 13 14 | 14.4
Fighting       | 4 5 6 7 8 9 10 11 12 | 12.1
Armour         | 6 8 10 11 | 11.4
Shields        | 6 8 10 11 | 11.5
Invocations    | 4 6 |  6.5

Action                   |  1- 3 |  4- 6 |  7- 9 | 10-12 || total
-------------------------+-------+-------+-------+-------++-------
Melee: War axe           |    56 |   182 |   414 |   287 ||   939
       Headbutt          |     9 |    17 |    81 |   142 ||   249
       Broad axe         |       |       |       |   389 ||   389
Invok: Heroism           |       |       |     3 |     5 ||     8
       Finesse           |       |       |       |     2 ||     2
Evoke: Wand              |       |       |       |     1 ||     1
  Use: Scroll            |       |     6 |     4 |     4 ||    14
       Potion            |       |       |     1 |       ||     1
  Eat: Chunk             |       |     6 |    16 |    24 ||    46
Armor: Scale mail        |    18 |       |       |       ||    18
       Plate armour      |    14 |   125 |   278 |   354 ||   771
Dodge: Dodged            |    12 |    36 |    85 |   125 ||   258
Block: Shield            |    24 |   120 |   299 |   369 ||   812
